 Dungeon Crawl Stone Soup version 0.31-a0-174-g85c54bcb58 (webtiles) character file.

Game seed: 4353417119472988191

397 Dittersdorf the Shield-Bearer (level 6, 0/40 HPs)
             Began as a Gargoyle Fighter on June 15, 2023.
             Slain by a hobgoblin (3 damage)
             ... led by Robin
             ... on level 4 of the Dungeon.
             The game lasted 00:02:50 (2274 turns).

Dittersdorf the Shield-Bearer (Gargoyle Fighter)    Turns: 2274, Time: 00:02:50

Health: 0/40       AC: 12    Str: 21    XL:     6   Next: 83%
Magic:  6/6        EV: 10    Int:  9    God:
Gold:   185        SH:  5    Dex: 15    Spells: 5/5 levels left

rFire   . . .        a - +0 flail (drain)
rCold   + . .        c - +0 buckler
rNeg    + . .        m - +1 ring mail {rC+}
rPois   ∞            (no helmet)
rElec   +            (no cloak)
rCorr   .            e - +0 pair of gloves
SInv    .            (no boots)
Will    .....        (no amulet)
Stlth   +            j - +6 ring of dexterity
HPRegen 0.26/turn    (no ring)
MPRegen 0.10/turn

%: no passive effects
@: no status effects
A: sickness immunity, AC +4, negative energy resistance 1, electricity
resistance, torment resistance 1, petrification resistance
a: no special abilities


You were on level 4 of the Dungeon.
You visited 1 branch of the dungeon, and saw 4 of its levels.

You collected 185 gold pieces.

Inventory:

Hand Weapons
 a - a +0 flail of draining (weapon)
Missiles
 b - a throwing net
Armour
 c - a +0 buckler (worn)
 e - a +0 pair of gloves (worn)
 m - a +1 ring mail of cold resistance (worn)
Jewellery
 j - a +6 ring of dexterity (left hand)
Scrolls
 g - a scroll of teleportation
Potions
 d - a potion of might
 h - 2 potions of brilliance {unknown}
 k - a potion of curing
 l - a potion of haste
 n - a potion of heal wounds


   Skills:
 + Level 4.9 Fighting
 + Level 3.8 Maces & Flails
 + Level 5.0 Armour
 + Level 5.0 Shields


You had 5 spell levels left.
You didn't know any spells.
Your spell library contained the following spells:

 Spells                   Type           Power      Damage    Failure   Level
 Apportation              Tloc           0%         N/A       61%         1
 Alistair's Intoxication  Tmut/Pois      0%         N/A       100%        5


Dungeon Overview and Level Annotations

Branches:
Dungeon (4/15)
 Temple: D:4-7

Altars:
Vehumet
The Shining One

Shops:
D:1 *

Annotations:
D:4 Edmund, Robin


Innate Abilities, Weirdness & Mutations

You are immune to sickness and miasma.
Your stone body is resilient. (AC +4)
You are immune to poison.
You resist negative energy. (rN+)
You are resistant to electric shocks. (rElec)
You are resistant to unholy torment.
You are immune to petrification.


Message History

Edmund barely misses you. The goblin hits you but does no damage.
The kobold skeleton hits you but does no damage.
The hobgoblin hits you.
* * * LOW HITPOINT WARNING * * *
The goblin hits you but does no damage. x2; Edmund closely misses you.
You sock the goblin!
You kill the goblin!
The kobold skeleton hits you but does no damage.
Robin throws the goblin at you!
* * * LOW HITPOINT WARNING * * *
The goblin misses you. You block the goblin's attack.
The hobgoblin barely misses you. Edmund misses you.
Your Armour skill increases to level 5!
You closely miss the goblin. You block the hobgoblin's attack.
The goblin barely misses you.
A hobgoblin comes into view.
The goblin hits you but does no damage.
A goblin comes into view. It is wielding a +0 club.
You block Edmund's attack.
The kobold skeleton hits you but does no damage.
You barely miss the goblin.
The hobgoblin shouts!
You hear a shout!
The hobgoblin hits you but does no damage.
The goblin closely misses you. The goblin barely misses you.
Edmund completely misses you.
The kobold skeleton hits you but does no damage.
You completely miss the goblin. The hobgoblin completely misses you.
The goblin hits you but does no damage. Edmund barely misses you.
The goblin barely misses you. The kobold skeleton barely misses you.
You hit the goblin.
The goblin is heavily wounded.
Edmund hits you but does no damage. You block the hobgoblin's attack.
The goblin closely misses you. The goblin barely misses you.
The kobold skeleton hits you but does no damage.
The goblin hits you but does no damage. Edmund hits you but does no damage.
The goblin closely misses you.
You hit the goblin.
You kill the goblin!
The hobgoblin hits you.
You die...

.# <###.. ##+##.#
.....# .....# ###....
.....# #...... .._..+
##. #....g##.....# #..
#....gg#@....#
###.#### #....gg@#.+ #
.......# #.....)#Z#..#
.##.##.#
#.............
.##.##.#
#.............
.##.##.#
####.#.####...#
.##.##.# #.#.####.###
.......######........#
.......##...)...#.##.
....##.....##.....#


You could see Edmund (very drained), Robin, a hobgoblin (strong), 3 goblins and
a kobold skeleton.

Vanquished Creatures
  Pargi (D:3)
  A phantom (D:4)
  A crimson imp (D:4)
  7 adders
  4 gnolls
  3 dart slugs (D:1)
  2 orcs (D:3)
  7 bats
  6 endoplasms
  3 giant cockroaches
  8 goblins
  6 hobgoblins
  8 jackals
  5 kobolds
  3 quokkas
  8 ball pythons
  2 frilled lizards (D:1)
  A goblin zombie (D:4)
  A hobgoblin zombie (D:4)
  A kobold zombie (D:4)
  An orc skeleton (D:4)
  An orc zombie (D:4)
  7 rats
87 creatures vanquished.

Notes
Turn   | Place    | Note
-------+----------+-------------------------------------------
     0 | D:1      | Dittersdorf the Gargoyle Fighter began the quest for the
                  | Orb.
     0 | D:1      | Reached XP level 1. HP: 14/14 MP: 1/1
    58 | D:1      | Reached XP level 2. HP: 19/19 MP: 2/2
   172 | D:1      | Found Ytythruc's General Store.
   279 | D:1      | Reached XP level 3. HP: 16/23 MP: 3/3
   655 | D:1      | Found a faded altar of an unknown god.
  1000 | D:2      | Reached XP level 4. HP: 29/29 MP: 4/4
  1751 | D:3      | Noticed Pargi
  1764 | D:3      | Killed Pargi
  1765 | D:3      | Reached XP level 5. HP: 25/34 MP: 5/5
  2090 | D:4      | Reached XP level 6. HP: 39/39 MP: 6/6
  2179 | D:4      | Found a radiant altar of Vehumet.
  2233 | D:4      | Found a glowing golden altar of the Shining One.
  2249 | D:4      | Reached skill level 5 in Shields
  2252 | D:4      | Noticed Edmund
  2265 | D:4      | Noticed Robin
  2269 | D:4      | HP: 1/40 [Robin/goblin (2)]
  2270 | D:4      | Reached skill level 5 in Armour
  2274 | D:4      | Slain by a hobgoblin

Illustrated notes

Levels and vault maps discovered:
D:1:      wheals_arrival_linesprint, layout_loops_ring,
          shapermc_ecumenical_altar_acropolis, serial_shops, shop
D:2:      layout_rooms
D:3:      layout_rooms, minmay_misc_feat_secret_circle, minmay_misc_feat_x,
          grunt_decor_one_mirror, grunt_ministairs_11, minmay_misc_feat_five,
          uniq_pargi
D:4:      layout_loops_cross, grunt_temple_overflow_magic_moments,
          nicolae_tso_besieged_by_evil, chequers_serial_rivers_micro_b,
          uniq_edmund, uniq_robin

Skill      XL: |  1  2  3  4  5  6 |
---------------+-------------------+-----
Shields        | 4 5 |  5.0
Armour         | 4 5 |  5.0
Fighting       | 4 |  4.9
Maces & Flails | 3 |  3.8

Action                     |  1- 3 |  4- 6 || total
---------------------------+-------+-------++-------
  Melee: Flail             |   100 |   227 ||   327
    Use: Scroll            |       |     6 ||     6
 Armour: Scale mail        |    76 |    96 ||   172
         Ring mail         |       |    96 ||    96
  Dodge: Dodged            |    61 |   183 ||   244
  Block: Buckler           |    28 |    85 ||   113

Table legend: (Time is in decaauts)
 A = Elapsed time spent in this place.
 B = Non-inter-level travel time spent in this place.
 C = Inter-level travel time spent in this place.
 D = Time resting spent in this place.
 E = Time spent auto-exploring this place.
 F = Levels seen in this place.
 G = Mean time per level.
                   A        B        C        D        E       F      G
               +--------+--------+--------+--------+--------+-----+--------+
         Total |   2370 |   2232 |    138 |      0 |   1569 |   4 |  592.5 |
       Dungeon |   2370 |   2232 |    138 |      0 |   1569 |   4 |  592.5 |
               +--------+--------+--------+--------+--------+-----+--------+

Top non-repeatable levels by time:
     D:1: 1005 daAuts
     D:3: 679 daAuts
     D:2: 472 daAuts
     D:4: 213 daAuts
